AoeStats
← Chris

Arena

506049868Analyzed
4v4 RM · 20d ago on Sep 12, 2026· 36m 32s· 8 players
Game mode
Random Map
Map size
Large (8 player)
Population
200
Speed
Normal
Resources
Standard
Victory
Conquest
Starting age
Dark Age
Ending age
Imperial Age
RankedLock teamsTeams togetherTeam positionsShared explorationLock speedFull tech treeHidden civsTurbo modeCheats
Victory
Defeat
🇺🇸 Gurjaras · United States
1342
+12
🇺🇸 Poles · United States
1291
+14
🇨🇳 Slavs · China
1286
+14
🇲🇽 Celts · Mexico
1269
+15
🇨🇳 Byzantines · China
1408
-19
🇨🇳 Hindustanis · China
1294
-16
🇨🇳 Inca · China
1214
-12
🇨🇳 Mongols · China
1080
-8
bulbmusic5
8:31 Loom
10:50 Feudal Age
15:15 Castle Age
13:34 Horse Collar
14:48 Double-Bit Axe
16:18 Heavy Plow
17:22 Bow Saw
21:16 Wheelbarrow
22:18 Stone Mining
22:18 Gold Mining
22:44 Scale Barding Armor
22:55 Forging
23:49 Stone Shaft Mining
23:59 Chain Barding Armor
24:17 Bloodlines
24:08 Husbandry
25:01 Hand Cart
24:20 Light Cavalry
28:29 Town Watch
29:26 Iron Casting
31:39 Imperial Age
29:17 Szlachta Privileges
31:34 Scale Mail Armor
31:43 Winged Hussar
31:43 Cavalier
31:58 Elite Obuch
33:06 Chain Mail Armor
34:46 Blast Furnace
34:29 Conscription
36:01 Plate Mail Armor
36:56 Lechitic Legacy
[GDL] Maldito Pantoja
10:04 Feudal Age
11:58 Loom
15:07 Castle Age
23:06 Horse Collar
23:17 Double-Bit Axe
27:37 Wheelbarrow
27:45 Heavy Plow
27:36 Gold Mining
28:00 Bow Saw
27:42 Stone Mining
29:57 Gold Shaft Mining
34:53 Imperial Age
33:31 Hand Cart
36:38 Chemistry
Chris
10:47 Feudal Age
11:21 Horse Collar
11:50 Double-Bit Axe
17:18 Castle Age
16:28 Bloodlines
16:39 Gold Mining
17:13 Scale Barding Armor
18:12 Heavy Plow
18:50 Bow Saw
19:35 Bow Saw
20:26 Chain Barding Armor
21:22 Husbandry
22:49 Loom
24:25 Wheelbarrow
24:40 Forging
28:44 Stone Mining
34:36 Imperial Age
35:51 Iron Casting
34:48 Elite Shrivamsha Rider
35:02 Heavy Camel Rider
36:54 Frontier Guards
37:30 Plate Barding Armor
伐伐伐伐伐木工
10:44 Feudal Age
12:25 Loom
15:52 Castle Age
14:20 Stone Mining
15:23 Double-Bit Axe
23:10 Bow Saw
22:53 Gold Mining
22:45 Horse Collar
31:13 Imperial Age
30:08 Forging
29:59 Scale Mail Armor
30:03 Heavy Plow
30:40 Gold Shaft Mining
30:20 Man-at-Arms
31:15 Squires
31:56 Iron Casting
31:58 Wheelbarrow
31:13 Long Swordsman
32:13 Chain Mail Armor
33:07 Two-Man Saw
32:45 Crop Rotation
32:53 Conscription
31:59 Two-Handed Swordsman
34:40 Chain Mail Armor
34:18 Pikeman
34:55 Town Watch
夜语夕言守赢了
10:29 Feudal Age
11:56 Double-Bit Axe
14:29 Castle Age
12:19 Horse Collar
18:02 Wheelbarrow
18:06 Loom
22:20 Bow Saw
22:45 Gold Mining
28:01 Imperial Age
25:46 Heavy Plow
27:03 Gold Shaft Mining
28:26 Scale Mail Armor
28:36 Forging
28:34 Pikeman
29:38 Squires
30:37 Conscription
29:57 Halberdier
31:07 Block Printing
31:37 Chain Mail Armor
31:58 Iron Casting
34:10 Hand Cart
35:50 Ballistics
35:22 Fletching
35:51 Guilds
36:30 Bodkin Arrow
WinniethePooh
10:06 Feudal Age
13:37 Castle Age
11:30 Loom
11:47 Double-Bit Axe
12:17 Horse Collar
14:33 Bow Saw
20:12 Wheelbarrow
22:09 Hand Cart
25:45 Loom
29:35 Imperial Age
27:18 Heavy Plow
27:09 Gold Mining
27:10 Stone Mining
27:40 Loom
28:49 Gold Shaft Mining
28:42 Bloodlines
28:33 Husbandry
28:41 Scale Barding Armor
28:40 Grand Trunk Road
28:58 Forging
30:27 Stone Shaft Mining
30:19 Chain Barding Armor
30:35 Iron Casting
30:39 Conscription
29:42 Heavy Camel Rider
31:32 Chemistry
31:18 Imperial Camel Rider
32:34 Plate Barding Armor
33:04 Blast Furnace
34:16 Padded Archer Armor
35:16 Coinage
35:05 Siege Elephant
36:34 Banking
36:49 Shatagni
37:02 Murder Holes
37:27 Ballistics
36:58 Fletching
37:25 Leather Archer Armor
KISSSHOT
10:23 Feudal Age
14:32 Castle Age
12:54 Double-Bit Axe
14:17 Horse Collar
16:07 Wheelbarrow
20:06 Fletching
20:55 Bodkin Arrow
22:52 Gold Mining
23:39 Padded Archer Armor
26:23 Stone Mining
27:08 Gold Shaft Mining
27:19 Bow Saw
28:01 Ballistics
33:07 Imperial Age
31:46 Leather Archer Armor
31:32 Husbandry
32:25 Bloodlines
32:41 Loom
32:42 Town Watch
33:47 Bracer
34:54 Chemistry
33:31 Capped Ram
35:16 Elite Mangudai
36:43 Parthian Tactics
穿山甲
10:19 Feudal Age
11:41 Double-Bit Axe
14:35 Castle Age
12:48 Horse Collar
15:37 Loom
18:24 Gold Mining
22:36 Bow Saw
24:52 Wheelbarrow
28:32 Imperial Age
26:13 Fletching
26:24 Padded Archer Armor
26:40 Heavy Plow
27:15 Bodkin Arrow
26:50 Crossbowman
28:15 Ballistics
28:10 Padded Archer Armor
28:44 Thumb Ring
28:47 Stone Mining
29:36 Bracer
30:46 Chemistry
30:08 Arbalester
33:37 Hand Cart
34:50 Guilds
35:52 Conscription
Connection lost

Rejoining the realm…

Still unreachable

The connection could not be restored.

Session expired

The server has moved on; the page needs a fresh start.